 Dungeon Crawl Stone Soup version 0.30.1 (webtiles) character file.

Game seed: 12139084321728576131

112 monsoonserge the Insei (level 4, -4/33 (35) HPs)
             Began as a Demigod Transmuter on July 6, 2023.
             Slain by a hell rat (18 damage)
             ... in a sewer.
             The game lasted 00:08:17 (1804 turns).

monsoonserge the Insei (Demigod Transmuter)         Turns: 1804, Time: 00:08:17

HP:   -4/33 (35)    AC:  3    Str: 13    XL:     4   Next: 37%
MP:   8/9           EV: 12    Int: 19    God:
Gold: 1             SH:  0    Dex: 14    Spells: 3/7 levels left

rFire   + . .        a - +1 sling (freeze)
rCold   . . .        (no shield)
rNeg    . . .        s - +1 robe of the Solstice {rF+ Str+2 Slay+2}
rPois   .            n - melded +0 helmet
rElec   .            (no cloak)
rCorr   .            (no gloves)
SInv    .            (boots currently unavailable)
Will    .....        (no amulet)
Stlth   +            (no ring)
HPRegen 0.25/turn    (no ring)
MPRegen 0.11/turn

%: no passive effects
@: appendages, drained
A: horns 2, talons 2, high MP 1, forlorn, divine attributes
a: End Transformation


You were in a sewer.
You had temporarily grown beastly horns and talons.
You visited 1 branch of the dungeon, and saw 3 of its levels.
You also visited: Sewer.

You collected 92 gold pieces.
You spent 91 gold pieces at shops.

Inventory:

Hand Weapons
 a - a +1 sling of freezing (weapon)
Missiles
 e - 5 curare-tipped darts
 r - 4 atropa-tipped darts
Armour
 n - a +0 helmet (melded)
 s - the +1 robe of the Solstice (worn) {rF+ Str+2 Slay+2}
   (You bought it in a shop on level 2 of the Dungeon)

   Str:       It affects your strength (+2).
   Slay:      It affects your accuracy & damage with ranged weapons and melee
   (+2).
   rF:        It protects you from fire.
Scrolls
 c - a scroll of fear {unknown}
 f - 2 scrolls of teleportation {unknown}
 i - 2 scrolls of identify {unknown}
 j - a scroll of noise {unknown}
 k - a scroll of blinking {unknown}
 l - a scroll of immolation {unknown}
 q - a scroll of poison {unknown}
Potions
 b - a potion of lignification
 g - a potion of curing {unknown}
 m - a potion of ambrosia {unknown}
 o - a potion of degeneration {unknown}
 p - a potion of haste {unknown}


   Skills:
 + Level 1.1 Fighting
 + Level 1.3 Ranged Weapons
 - Level 0.4 Armour
 + Level 1.9 Dodging
 + Level 0.2 Stealth
 * Level 3.5 Unarmed Combat
 + Level 2.0 Spellcasting
 * Level 2.5 Transmutations
 - Level 1.0 Poison Magic


You had 3 spell levels left.
You knew the following spells:

 Your Spells              Type           Power      Damage    Failure   Level
a - Beastly Appendage     Tmut           22%        N/A       6%          1
b - Spider Form           Tmut/Pois      8%         N/A       24%         3

Your spell library contained the following spells:

 Spells                   Type           Power      Damage    Failure   Level
 Wereblood                Tmut           11%        N/A       9%          2
 Freeze                   Ice            4%         1d3       17%         1
 Magic Dart               Conj           4%         1d3       17%         1
 Call Imp                 Summ           2%         N/A       26%         2
 Mephitic Cloud           Conj/Pois/Air  3%         N/A       41%         3
 Frozen Ramparts          Ice            2%         1d1       45%         3
 Hailstorm                Conj/Ice       1%         3d3       45%         3
 Ice Form                 Ice/Tmut       6%         N/A       69%         4


Dungeon Overview and Level Annotations

Branches:
Dungeon (3/15)              Sewer (1/1)

Shops:
D:2 [

Annotations:
D:3 1 runed translucent door, xerfel's ghost, amateur DjFE


Innate Abilities, Weirdness & Mutations

You have temporarily grown beastly horns and talons.
You have an increased reservoir of magic. (+10% MP)
You shall have no god before yourself.
Your divine heritage dramatically boosts your attributes as you level up.


Message History

You shoot a sling bullet. The sling bullet hits the rat!
The sling bullet freezes the rat.
You kill the rat!
No target in view!
You see here a rat corpse.
A rat comes into view.
You shoot a sling bullet. The sling bullet hits the rat.
The sling bullet freezes the rat.
You kill the rat!
No target in view!
You enter the shallow water.
Moving in this stuff is going to be slow.
You enter the shallow water.
Moving in this stuff is going to be slow.
You enter the shallow water.
Moving in this stuff is going to be slow.
You enter the shallow water.
Moving in this stuff is going to be slow.
You open the door.
A hell rat comes into view.
Found six items.
Found a gate leading back out of this place.
You shoot a sling bullet.
The sling bullet hits the hell rat but does no damage.
You shoot a sling bullet. The sling bullet hits the hell rat.
The sling bullet freezes the hell rat.
The hell rat is heavily wounded.
Casting: Spider Form (quite dangerous; 24% risk of failure)
Confirm with . or Enter, or press ? or * to list all spells.
You grow a pair of large bovine horns.
Your feet morph into talons.
Your +0 helmet melds into your body.
The hell rat bites you.
You shoot a sling bullet.
The sling bullet closely misses the hell rat.
The hell rat bites you!
You feel drained.
You shoot a sling bullet. The sling bullet hits the hell rat.
The sling bullet freezes the hell rat.
The hell rat is severely wounded.
The hell rat completely misses you. The hell rat bites you!!
Ouch! That really hurt!
You die...

###.~~~~∩~~.~.###
#~.~~~#####~~~.~#
##~~~###)∩?###~.~##
#~~~##.!$$?!~##..~#
#~.~# .~~~~~. #.~~#
#~.~## ~~~~~ ##...#
##~~~###.~~###~.~##
#~~...##r##.~.~†#
###~~~.~@..~†~###
###.~.~~~~###
#########


You could see a hell rat.

Vanquished Creatures
  2 river rats (Sewer)
  4 adders
  3 dart slugs
  A worm (D:3)
  6 bats
  2 endoplasms
  A giant cockroach (D:3)
  4 hobgoblins
  5 quokkas
  7 ball pythons
  2 frilled lizards
  6 goblins
  2 kobolds
  7 rats
52 creatures vanquished.

Notes
Turn   | Place    | Note
-------+----------+-------------------------------------------
     0 | D:1      | monsoonserge the Demigod Transmuter began the quest for the
                  | Orb.
     0 | D:1      | Reached XP level 1. HP: 15/15 MP: 5/5
    65 | D:1      | Reached skill level 3 in Unarmed Combat
   132 | D:1      | Reached XP level 2. HP: 17/22 MP: 7/7
   716 | D:2      | Reached skill level 1 in Fighting
   773 | D:2      | Reached XP level 3. HP: 22/28 MP: 8/8
   796 | D:2      | Learned a level 3 spell: Spider Form
   930 | D:2      | Reached skill level 1 in Ranged Weapons
  1342 | D:2      | Found Qiosa's Antique Armour Shop.
  1350 | D:2      | Bought a warped robe for 91 gold pieces
  1350 | D:2      | Identified the +1 robe of the Solstice {rF+ Str+2 Slay+2}
                  | (You bought it in a shop on level 2 of the Dungeon)
  1531 | D:3      | Found a runed translucent door.
  1531 | D:3      | Noticed xerfel's ghost (amateur DjFE)
  1531 | D:3      | Noticed a bullfrog
  1688 | D:3      | Reached XP level 4. HP: 35/35 MP: 9/9
  1724 | D:3      | Found a glowing drain.
  1741 | Sewer    | Entered a sewer
  1770 | Sewer    | Reached skill level 1 in Poison Magic
  1804 | Sewer    | Slain by a hell rat

Illustrated notes

Levels and vault maps discovered:
D:1:      psy_arrival_radial01, layout_basic, dreamdust_ecumenical_altar_statues
D:2:      layout_basic, serial_shops, nicolae_lakefront_shop
D:3:      layout_basic, ebering_ghost_sewer_f, cheibrodos_sewer_entry_sluice
Sewer:    sewer_hellmonk_bad_rat

Skill      XL: |  1  2  3  4 |
---------------+-------------+-----
Unarmed Combat | 3 |  3.5
Spellcasting   | 2 |  2.0
Transmutations | 2 |  2.5
Fighting       | 1 |  1.1
Ranged Weapons | 1 |  1.3
Poison Magic   | 1 |  1.0
Armour         | |  0.4
Dodging        | |  1.9
Stealth        | |  0.2

Action                     |  1- 3 |  4- 6 || total
---------------------------+-------+-------++-------
  Melee: Unarmed           |    63 |     8 ||    71
         Kick              |     4 |       ||     4
         Punch             |     4 |     1 ||     5
         Headbutt          |     1 |       ||     1
   Fire: Sling             |    66 |    26 ||    92
   Cast: Beastly Appendage |     5 |     1 ||     6
         Spider Form       |       |     1 ||     1
    Use: Potion            |     1 |       ||     1
 Armour: Ring mail         |    47 |       ||    47
         Robe              |     2 |     2 ||     4
  Dodge: Dodged            |    39 |     6 ||    45
